 Dungeon Crawl Stone Soup version 0.28-a0-1524-ge72afd5fc6 (webtiles) character file.

Game seed: 6464413839768862935

4 psuckher the Sneak (level 1, -3/19 HPs)
             Began as a Barachi Delver on Jan 17, 2022.
             Slain by an ufetubus (4 damage)
             ... on level 4 of the Dungeon.
             The game lasted 00:02:39 (321 turns).

psuckher the Sneak (Barachi Delver)                  Turns: 321, Time: 00:02:40

Health: -3/19      AC:  3    Str: 13    XL:     1   Next: 60%
Magic:  1/1        EV: 12    Int: 10    God:
Gold:   37         SH:  0    Dex: 13    Spells: 0/0 levels left

rFire   . . .      SeeInvis .   a - +0 falchion
rCold   . . .      Faith    .   (no shield)
rNeg    . . .      Spirit   .   b - +0 leather armour
rPois   .          Reflect  .   (no helmet)
rElec   .          Harm     .   (no cloak)
rCorr   .          Rampage  .   (no gloves)
Will    .....                   (no boots)
Stlth   ++........              (no amulet)
HPRegen 0.06/turn               (no ring)
MPRegen 0.07/turn               (no ring)

@: slow
A: amphibious, slowness 1, strong legs 1, +LOS
a: Hop


You were on level 4 of the Dungeon.
You visited 1 branch of the dungeon, and saw 2 of its levels.

You collected 37 gold pieces.

Inventory:

Hand Weapons
 a - a +0 falchion (weapon)
Armour
 b - a +0 leather armour (worn)
Wands
 g - a wand of digging (3)
Scrolls
 d - a scroll of magic mapping
Potions
 f - a potion of haste


   Skills:
 + Level 3.8 Fighting
 + Level 2.4 Long Blades
 + Level 2.2 Dodging
 + Level 4.6 Stealth


You couldn't memorise any spells.
You didn't know any spells.
Your spell library contained the following spells:

 Spells                   Type           Power      Damage    Failure   Level
 Summon Small Mammal      Summ           0%         N/A       43%         1
 Call Canine Familiar     Summ           0%         N/A       82%         3
 Summon Guardian Golem    Hex/Summ       0%         N/A       82%         3


Dungeon Overview and Level Annotations

Branches:
Dungeon (5/15)
 Temple: D:4-7

Altars:

Shops:
D:5 *


Innate Abilities, Weirdness & Mutations

You are amphibious.
You cover ground slowly.
You can hop short distances.
You have an extended range of vision and can be seen from far away.


Message History

There is an open door here.
You see here 11 gold pieces.
You see here 11 gold pieces.
You now have 37 gold pieces (gained 11).
Found a stone staircase leading up.
Found Popheyco's Assorted Antiques.
A water moccasin comes into view.
There is an entrance to Popheyco's Assorted Antiques here.
There is a stone staircase leading up here.
HP restored.
You climb upwards.
Reactivating autopickup.
There is a stone staircase leading down here.
You hit the ufetubus but do no damage. The ufetubus misses you.
The ufetubus hits you but does no damage.
The ufetubus hits you. The ufetubus misses you.
You miss the ufetubus.
The ufetubus hits you but does no damage.
The ufetubus hits you. The ufetubus barely misses you. The ufetubus misses you.
You miss the ufetubus. The ufetubus hits you. x2
You barely miss the ufetubus. The ufetubus barely misses you.
The ufetubus hits you. The ufetubus barely misses you. The ufetubus misses you.
You closely miss the ufetubus.
The ufetubus hits you but does no damage. x2
The ufetubus hits you. x2
* * * LOW HITPOINT WARNING * * *
Unknown command.
You closely miss the ufetubus. The ufetubus barely misses you.
The ufetubus closely misses you. The ufetubus hits you.
* * * LOW HITPOINT WARNING * * *
The ufetubus hits you but does no damage.
You hit the ufetubus.
The ufetubus is moderately wounded.
The ufetubus hits you.
* * * LOW HITPOINT WARNING * * *
The ufetubus hits you.
* * * LOW HITPOINT WARNING * * *
As you read the scroll of fog, it crumbles to dust.
The scroll dissolves into smoke.
The ufetubus hits you.
You die...

....
#...
...
#..#
...
##..#
#§§§#
#5§#
#@§#
#§##
#§#
###


You could see an ufetubus.

Vanquished Creatures
  A dart slug (D:5)
  A quokka (D:5)
2 creatures vanquished.

Notes
Turn   | Place    | Note
-------+----------+-------------------------------------------
     0 | D:5      | psuckher the Barachi Delver began the quest for the Orb.
     0 | D:5      | Reached XP level 1. HP: 18/18 MP: 1/1
   215 | D:5      | Noticed an orc priest
   215 | D:5      | Noticed an orc wizard
   291 | D:5      | Found Popheyco's Assorted Antiques.
   291 | D:5      | Noticed a water moccasin
   321 | D:4      | Slain by an ufetubus

Illustrated notes

Levels and vault maps discovered:
D:4:      layout_cave_pools, minitemple, kennysheep_small_spiral,
          grunt_ministairs_15, minmay_crossroads, uniq_duvessa,
          uniq_crazy_yiuf_cottage
D:5:      minmay_inner_zag, layout_basic, serial_shops, shop, st_stairs_3,
          goddamned_bats, uniq_edmund

Action                   || total
-------------------------++-------
Melee: Falchion          ||    13
  Use: Scroll            ||     2
 Stab: Sleeping          ||     1
Armor: Leather armour    ||     5
Dodge: Dodged            ||    13

Table legend: (Time is in decaauts)
 A = Elapsed time spent in this place.
 B = Non-inter-level travel time spent in this place.
 C = Inter-level travel time spent in this place.
 D = Time resting spent in this place.
 E = Time spent auto-exploring this place.
 F = Levels seen in this place.
 G = Mean time per level.
                   A        B        C        D        E       F      G
               +--------+--------+--------+--------+--------+-----+--------+
         Total |    382 |    337 |     45 |      0 |      0 |   2 |  191.0 |
       Dungeon |    382 |    337 |     45 |      0 |      0 |   2 |  191.0 |
               +--------+--------+--------+--------+--------+-----+--------+

Top non-repeatable levels by time:
     D:5: 371 daAuts
     D:4: 11 daAuts
